 Dungeon Crawl Stone Soup version 0.31-a0-523-g071a6c1ffa (webtiles) character file.

Game seed: 7722074854001248519

184 zero the Slasher (level 5, 0/42 HPs)
             Began as a Minotaur Gladiator on Aug 11, 2023.
             Succumbed to a goblin's poison
             ... on level 3 of the Dungeon.
             The game lasted 00:01:39 (1887 turns).

zero the Slasher (Minotaur Gladiator)               Turns: 1887, Time: 00:01:40

Health: 0/42       AC:  7    Str: 17 (18) XL:     5   Next: 36%
Magic:  4/4        EV: 10    Int:  3 (5)  God:
Gold:   83         SH:  0    Dex: 11 (14) Spells: 4/4 levels left

rFire   . . .        l - +2 dagger (venom)
rCold   . . .        (no shield)
rNeg    . . .        s - +0 scale mail
rPois   .            c - +0 hat
rElec   .            (no cloak)
rCorr   .            k - +0 pair of gloves
SInv    .            (no boots)
Will    .....        (no amulet) Stlth
                     (no ring)
HPRegen 0.27/turn    (no ring)
MPRegen 0.09/turn

%: no passive effects
@: lethally poisoned (0 -> -7)
A: horns 2, retaliatory headbutt
a: no special abilities


You were on level 3 of the Dungeon.
You visited 1 branch of the dungeon, and saw 3 of its levels.

You collected 83 gold pieces.

Inventory:

Hand Weapons
 a - a +0 long sword
 l - a +2 dagger of venom (weapon)
Missiles
 d - 3 throwing nets (quivered)
 e - 6 javelins
Armour
 c - a +0 hat (worn)
 k - a +0 pair of gloves (worn)
 s - a +0 scale mail (worn)
Talismans
 r - a flux talisman
Scrolls
 f - a scroll of poison {unknown}
 g - a scroll of enchant weapon {unknown}
 h - 2 scrolls of teleportation {unknown}
 n - 3 scrolls of brand weapon {unknown}
 o - a scroll of enchant armour {unknown}
 p - a scroll of torment {unknown}
Potions
 b - a potion of degeneration
 i - a potion of ambrosia {unknown}
 j - a potion of might {unknown}
 m - a potion of mutation {unknown}
 q - a potion of heal wounds {unknown}


   Skills:
 - Level 2.4 Fighting
 + Level 7.4 Long Blades
 - Level 2.0 Throwing
 - Level 3.2 Dodging


You had 4 spell levels left.
You didn't know any spells.
Your spell library contained the following spells:

 Spells                   Type           Power      Damage    Failure   Level
 Lesser Beckoning         Tloc           0%         N/A       98%         2
 Gell's Gravitas          Tloc           0%         N/A       100%        3
 Teleport Other           Tloc           0%         N/A       100%        3


Dungeon Overview and Level Annotations

Branches:
Dungeon (3/15)

Altars:
Trog


Innate Abilities, Weirdness & Mutations

You have a pair of horns on your head.
You reflexively headbutt those who attack you in melee.


Message History

You are too injured to fight recklessly!
You are too injured to fight recklessly!
You are too injured to fight recklessly!
You are too injured to fight recklessly!
You are too injured to fight recklessly!
You are too injured to fight recklessly!
You are too injured to fight recklessly!
You are too injured to fight recklessly!
You are too injured to fight recklessly!
You are too injured to fight recklessly!
You barely miss Robin.
Robin is almost dead.
You feel sick.
The goblin hits you with a +2 dagger of venom.
You are more poisoned.
The goblin closely misses you. Robin hits you with a +0 trident!
* * * LOW HITPOINT WARNING * * *
You hit the goblin. Your headbutt misses the goblin.
The goblin is moderately wounded.
* * * LOW HITPOINT WARNING * * *
You feel very sick.
You hit the goblin.
You kill the goblin!
* * * LOW HITPOINT WARNING * * *
You feel sick.
You kill Robin!
The goblin completely misses you.
You hit the goblin.
You kill the goblin!
* * * LOW HITPOINT WARNING * * *
You feel very sick.
There is a lethal amount of poison in your body!
There is a lethal amount of poison in your body!
* * * LOW HITPOINT WARNING * * *
You feel sick.
Items here: ) [[ †.
It was a potion of degeneration.
There was something very wrong with that liquid.
You feel weakened.
You feel dopey.
You feel clumsy.
You die...

### ##### ...#
#)..#....# #.).#....#
# ##)).....### .. #.
#@).......
..##.####.#.....##
..........#......###
..........##.......#.
..........##.........
............##.##.##.
..........#..#..g
..........#...g..g.
..........#..###.#...


There were no monsters in sight!

Vanquished Creatures
  An iguana (D:3)
  Robin (D:3)
  3 adders
  4 gnolls
  A worm (D:2)
  2 bats
  9 endoplasms
  8 giant cockroaches
  16 goblins
  3 hobgoblins
  4 jackals
  3 quokkas (D:1)
  2 ball pythons (D:1)
  3 frilled lizards (D:1)
  4 kobolds
  9 rats
73 creatures vanquished.

Notes
Turn   | Place    | Note
-------+----------+-------------------------------------------
     0 | D:1      | zero the Minotaur Gladiator began the quest for the Orb.
     0 | D:1      | Reached XP level 1. HP: 18/18 MP: 0/0
   202 | D:1      | Reached skill level 4 in Long Blades
   269 | D:1      | Reached XP level 2. HP: 25/25 MP: 1/1
   284 | D:1      | Reached skill level 5 in Long Blades
   330 | D:1      | Reached XP level 3. HP: 19/30 MP: 2/2
   862 | D:2      | Found a bloodstained altar of Trog.
   991 | D:2      | Reached skill level 6 in Long Blades
   991 | D:2      | Reached XP level 4. HP: 37/37 MP: 3/3
  1514 | D:3      | HP: 1/37 [iguana (12)]
  1516 | D:3      | Reached skill level 7 in Long Blades
  1516 | D:3      | Reached XP level 5. HP: 2/42 MP: 4/4
  1854 | D:3      | Noticed Robin
  1884 | D:3      | Killed Robin
  1886 | D:3      | HP: 2/42 [poisoned by a goblin]
  1887 | D:3      | Succumbed to a goblin's poison

Illustrated notes

Levels and vault maps discovered:
D:1:      dpeg_cavernosity, layout_basic
D:2:      minmay_chambers_of_twos, layout_rooms, basic_altar,
          nicolae_grassy_gnolls
D:3:      layout_rooms, grunt_qazlal_sundering, ashenzari_altar_1, serial_shops,
          nicolae_shop_waterfront, hex_intersection, grunt_ministairs_9,
          uniq_robin

Skill      XL: |  1  2  3  4 |
---------------+-------------+-----
Long Blades    | 4 5 6 7 |  7.4
Fighting       | |  2.4
Throwing       | |  2.0
Dodging        | |  3.2

Action                     |  1- 3 |  4- 6 || total
---------------------------+-------+-------++-------
  Melee: Long sword        |    67 |       ||    67
         Headbutt          |     8 |    12 ||    20
         Dagger            |     2 |    62 ||    64
         Punch             |       |     1 ||     1
    Use: Potion            |     1 |     1 ||     2
   Stab: Sleeping          |     1 |       ||     1
 Armour: Leather armour    |    20 |     4 ||    24
         Scale mail        |       |    14 ||    14
  Dodge: Dodged            |    54 |    35 ||    89

Table legend: (Time is in decaauts)
 A = Elapsed time spent in this place.
 B = Non-inter-level travel time spent in this place.
 C = Inter-level travel time spent in this place.
 D = Time resting spent in this place.
 E = Time spent auto-exploring this place.
 F = Levels seen in this place.
 G = Mean time per level.
                   A        B        C        D        E       F      G
               +--------+--------+--------+--------+--------+-----+--------+
         Total |   1883 |   1768 |    115 |    352 |   1065 |   3 |  627.7 |
       Dungeon |   1883 |   1768 |    115 |    352 |   1065 |   3 |  627.7 |
               +--------+--------+--------+--------+--------+-----+--------+

Top non-repeatable levels by time:
     D:1: 865 daAuts
     D:2: 634 daAuts
     D:3: 383 daAuts
